Unix NetHack Version 3.7.0-71 Work-in-progress - last build Jan 31 2023 02:41:03 (7ba98a1283f2b7cec35fde026edb48fc825ab8ae,branch:master). Game began 2023-02-02 21:53:26, ended 2023-02-02 22:22:30. Gandelf, neutral male human Monk ----------- ------------ #........... |..........-# #|.........| |...^......|# -------- ####|.......... |..........|# |.......## ----- # |.....%...| #---.--------########.......| ### |<..| # |.........-###################%# |......| ## #....| # --------.-- # # #.......-# #|^..| ## ## # ## #|......|# #---.- # # # # #--------# ## ## ------# %# # # ## # # # |....|# .-.-|-- ---..--- # # # # --|-- |....-# |.....| |.^.%..| ## # # --- # |o:F| |....| %#### #|.....| #......(.### # # ## # --.-- ## |:..| |....-###########.......)##%#|.......##### #.----# #--...-- # |sd.| ------ |.....|# -------- #%###)*..|##%#####..._...### |.%d| |....>-# |....# ##0##o@._._-- |:.:| ------- |...| --.-- ----- ----- --- Gandelf the Initiate St:16 Dx:12 Co:12 In:10 Wi:18 Ch:11 Neutral S:3565 Dlvl:4 $:597 HP:0(56) Pw:51(51) AC:-2 Xp:7/687 T:3813 Overtaxed Latest messages: You have a little trouble lifting k - an iguana corpse. The ghoul misses! The ghoul hits! You hit the ghoul! You destroy the ghoul! You hear a crunching sound. What do you want to sacrifice? [k or ?*] k Your sacrifice is consumed in a plume of smoke! You have a hopeful feeling. You hear crashing rock. You see here a hill orc corpse. You have extreme difficulty lifting a hill orc corpse. Continue? [ynq] (q) y w - a hill orc corpse. You can barely move a handspan with this load! You feel a draft. The kobold picks up a dwarvish cloak. The kobold puts on a dwarvish cloak. The hill orc picks up some gold. The hill orc picks up an orcish helm. The hill orc picks up a wand of magic missile. The kobold picks up a pair of iron shoes. The kobold misses! You hear a nearby zap. The kobold is killed by the magic missile! The magic missile whizzes by you! You hear a nearby zap. The magic missile whizzes by you! The hill orc swings her curved sword. The hill orc hits! The hill orc swings her curved sword. The hill orc hits! The hill orc swings her curved sword. The hill orc hits! The hill orc swings her curved sword. The hill orc hits! You are hit by a dagger. The hill orc swings her curved sword. The hill orc hits! The hill orc swings her curved sword. The hill orc hits! The hill orc swings her curved sword. The hill orc hits! The hill orc swings her curved sword. The hill orc hits! You die... Do you want your possessions identified? [ynq] (y) y Do you want to see your attributes? [ynq] (y) y Do you want an account of creatures vanquished? [ynaq] (y) y Do you want to see your conduct and achievements? [ynq] (y) y Do you want to see the dungeon overview? [ynq] (y) y Inventory: Coins $ - 597 gold pieces Weapons B - 14 +0 arrows V - 5 +0 crossbow bolts X - a +0 crossbow W - a burnt +0 crossbow S - 7 blessed +0 shuriken n - 4 +0 daggers s - 3 cursed +0 daggers Armor N - an uncursed +0 dwarvish iron helm (being worn) q - an uncursed +0 helmet a - an uncursed +2 pair of leather gloves (being worn) M - an uncursed +0 pair of iron shoes (being worn) R - a blessed +0 dwarvish roundshield (being worn) T - an uncursed +0 dwarvish cloak b - an uncursed +1 robe (being worn) Comestibles v - an uncursed slime mold g - 4 uncursed apples f - 2 uncursed food rations i - 5 uncursed fortune cookies h - 7 uncursed oranges O - 5 uncursed tripe rations w - an uncursed hill orc corpse Scrolls U - an uncursed scroll of amnesia Y - a blessed scroll of blank paper D - an uncursed scroll of blank paper F - a blessed scroll of charging G - an uncursed scroll of create monster H - a cursed scroll of genocide d - an uncursed scroll of magic mapping Spellbooks c - a blessed spellbook of protection r - an uncursed spellbook of slow monster Potions L - an uncursed potion of blindness Z - an uncursed potion of booze J - an uncursed potion of healing Q - a blessed potion of monster detection K - an uncursed potion of sleeping e - 4 potions of holy water x - an uncursed potion of water Rings E - an uncursed ring of polymorph control Wands C - a wand of light (0:14) z - a wand of magic missile (0:5) y - a wand of secret door detection (0:11) Tools j - a magic marker (0:98) m - an uncursed mirror A - a +0 pick-axe P - an uncursed towel Gems/Stones I - an uncursed jasper stone l - 3 uncursed worthless pieces of black glass t - an uncursed worthless piece of blue glass p - an uncursed worthless piece of green glass u - 2 uncursed worthless pieces of orange glass o - 2 uncursed worthless pieces of red glass Gandelf the Monk's attributes: Background: You were an Initiate, a level 7 male human Monk. You were neutral, on a mission for Chih Sung-tzu who was opposed by Shan Lai Ching (lawful) and Huan Ti (chaotic). You were in the Dungeons of Doom, on level 4. You entered the dungeon 3813 turns ago. It was nighttime. You had 687 experience points, 593 more were needed to attain level 8. Your score was 3565 before end-of-game adjustments. Basics: You had 0 out of 56 hit points. You had all 51 energy points (spell power). Your armor class was -2. Your wallet contained 597 zorkmids. Autopickup was on for '$?!+/=' plus thrown. Final Characteristics: Your strength was 16 (limit:18/100). Your dexterity was 12 (limit:18). Your constitution was 12 (peak:13, limit:18). Your intelligence was 10 (limit:18). Your wisdom was 18 (limit:18). Your charisma was 11 (limit:18). Final Status: You were not hungry. You were overtaxed; movement was extremely slowed. You were empty handed. You were skilled in martial arts. Final Attributes: You were piously aligned. You were sleep resistant. You were poison resistant. You saw invisible. You were telepathic. You were warned. You were stealthy. You were guarded. You were fast. You are dead (2nd time!). Miscellaneous: You never encountered a bones level. Total elapsed playing time was 29 minutes and 4 seconds. Major events: Turn 1: Gandelf the neutral male human Monk entered the dungeon 520: attained the rank of Novice (level 3) 2430: entered the Gnomish Mines 2640: attained the rank of Initiate (level 6) 3721: averted death (killed by a ghoul) 3813: killed by a hill orc Vanquished creatures: 3 leprechauns a rock mole a fog cloud 2 shriekers 2 gnome leaders a gray ooze a ghoul a straw golem a paper golem 2 giant ants 2 floating eyes 6 dwarves 7 hill orcs 9 rothes a rabid rat a giant bat 5 iguanas 3 hobbits 8 giant rats a brown mold a red mold 17 gnomes a gnome zombie 2 geckos a jackal a kobold 3 goblins 3 sewer rats 6 grid bugs 5 lichens 2 newts 100 creatures vanquished. No species were genocided or became extinct. Voluntary challenges: You read items or engraved 3 times. You never engraved Elbereth. You never genocided any monsters. You never polymorphed an object. You never changed form. You used no wishes. Achievements: You attained the rank of Novice. You entered a shop. You entered the Gnomish Mines. You attained the rank of Initiate. The Dungeons of Doom: levels 1 to 5 Level 1: A fountain, a grave. Level 2: A general store, some fountains. Stairs down to The Gnomish Mines. Level 3: Level 4: <- You were here. Many altars. Final resting place for you, killed by a hill orc. Level 5: The Gnomish Mines: levels 3 to 5 Level 3: Level 4: Level 5: Game over: ---------- / \ / REST \ / IN \ / PEACE \ / \ | Gandelf | | 597 Au | | killed by a hill | | orc | | | | | | 2023 | *| * * * | * _________)/\\_//(\/(/\)/\//\/|_)_______ Goodbye Gandelf the Monk... You died in The Dungeons of Doom on dungeon level 4 with 3506 points, and 597 pieces of gold, after 3813 moves. You were level 7 with a maximum of 56 hit points when you died.